 Dungeon Crawl Stone Soup version 0.24-a0-201-gf205589 (webtiles) character file.

Game seed: 18128148597263237617

2041 Ijustatesigmund the Sneak (level 9, -3/62 HPs)
             Began as an Octopode Fighter on Mar 23, 2019.
             Was an Initiate of Cheibriados.
             Engulfed by a cloud of flame (21 damage)
             ... on level 6 of the Dungeon.
             The game lasted 00:14:00 (5871 turns).

Ijustatesigmund the Sneak (Octopode Fighter)        Turns: 5871, Time: 00:14:01

Health: -3/62      AC:  1    Str: 19    XL:     9   Next: 24%
Magic:  10/10      EV: 31    Int: 12    God:    Cheibriados [......]
Gold:   403        SH: 11    Dex: 15    Spells: 8/8 levels left

rFire    . . .     SeeInvis .   a - +3 flail
rCold    . . .     Gourm    .   b - +1 shield
rNeg     . . .     Faith    .   (helmet restricted)
rPois    +         Spirit   .   m - amulet of the acrobat
rElec    .         Reflect  .   f - +2 ring of evasion
rCorr    .         Harm     .   i - +3 ring of strength
MR       .....                  j - ring of flight
Stlth    +++++.....             k - ring of poison resistance
HPRegen  0.20/turn              (no ring)
MPRegen  0.12/turn              (no ring)
                                (no ring)
                                (no ring)

@: acrobat, very slow
A: almost no armour, stealthy swim, amphibious, 8 rings, constrict 8, camouflage
1, gelatinous body 1
a: Bend Time, Renounce Religion, Evoke Flight


You were on level 6 of the Dungeon.
You worshipped Cheibriados.
Cheibriados was noncommittal.
You were not hungry.

You visited 2 branches of the dungeon, and saw 7 of its levels.
You also visited: Ossuary.

You collected 403 gold pieces.

Inventory:

Hand Weapons
 a - a +3 flail (weapon)
Armour
 b - a +1 shield (worn)
Jewellery
 f - a +2 ring of evasion (left tentacle)
 i - a +3 ring of strength (right tentacle)
 j - a ring of flight (on tentacle)
 k - a ring of poison resistance (on tentacle)
 m - an amulet of the acrobat (around mantle)
 s - the ring "Oduh" {MR- Str+5 Dex+3 SInv Stlth+}
   (You took it off a goblin on level 4 of the Dungeon)

   [ring of dexterity]

   It affects your strength (+5).
   It affects your dexterity (+3).
   It affects your resistance to hostile enchantments.
   It lets you see invisible.
   It makes you more stealthy.
Wands
 c - a wand of polymorph (10)
 u - a wand of digging (5)
Scrolls
 h - 4 scrolls of remove curse
 l - a scroll of enchant weapon {unknown}
 t - 2 scrolls of teleportation
 w - 3 scrolls of amnesia
 y - a scroll of enchant armour
 B - a scroll of blinking
Potions
 e - a potion of brilliance
 g - 2 potions of ambrosia
 n - a potion of resistance
 o - a potion of invisibility {unknown}
 p - a potion of might
 q - 6 potions of curing {unknown}
 r - a potion of mutation {unknown}
 v - 2 potions of lignification {unknown}
 z - a potion of agility
Comestibles
 d - 8 rations


   Skills:
 + Level 5.7 Fighting
 + Level 6.4 Maces & Flails
 + Level 5.6 Dodging
 - Level 7.1 Stealth
 + Level 5.6 Shields
 * Level 2.4 Invocations


You had 8 spell levels left.
You didn't know any spells.
Your spell library was empty.

Dungeon Overview and Level Annotations

Branches:
Dungeon (6/15)             Temple (1/1) D:5

Altars:
Cheibriados
Dithmenos
Hepliaklqana
Kikubaaqudgha
Makhleb
Okawaru
Qazlal
Ru
Sif Muna
Trog
Uskayaw
Vehumet
Wu Jian
Xom
Yredelemnul


Innate Abilities, Weirdness & Mutations

You cannot wear most types of armour.
You are very stealthy in the water. (Stealth+)
You are amphibious.
You can wear up to eight rings at the same time.
You can use your tentacles to constrict eight enemies at once.
Your skin changes colour to match your surroundings (Stealth+).
Your rubbery body absorbs attacks. (AC +1, EV +1)


Message History

Items here: ))) [[[ ÷÷
Found a ring mail.
You see here a ring mail.
Really walk into a travel-excluded area?
You are engulfed in blazing flames.
All of the chunks of flesh in your inventory have rotted away.
Evoke which item? (* to show all) (? for menu, Esc to quit)
Aiming: Dig
Press: ? - help, Shift-Dir - straight line A rock wall.
The rock shatters into small pieces.
Really walk into a travel-excluded area?
Really walk into that cloud of flame?
You are engulfed in blazing flames.
Ouch! That really hurt!
* * * LOW HITPOINT WARNING * * *
You see here a scroll labeled GUKHLU GIQIFONUSU.
l - a scroll labeled GUKHLU GIQIFONUSU You are engulfed in blazing flames.
You die...

...........[.#
#####.......
..##########.##
#####.......
..# #...#
#...#####..#
..##### #...#
#...######.#
......# #...#
#...........
....### #...##
#...#######.
...)# #....##
##### #. #...#
##...#.### #.
#...#
#8.....@°# ##
#...#
##...###.# #
#...# #...# #.#
# #...# #...#
#.# #...# #...#
#.# ##### #...#
## #...#
####### ##.##
#...... #......


There were no monsters in sight!

Vanquished Creatures
  Grinder (D:3)
  Sigmund (D:3)
  Edmund (D:4)
  Duvessa (D:4)
  An orc warrior (D:6)
  A sky beast (D:6)
  3 phantoms (D:4)
  An ogre (D:4)
  A centaur (D:6)
  Dowan (D:4)
  A scorpion (D:4)
  A troll zombie (Ossuary)
  A howler monkey (D:6)
  A crimson imp (D:6)
  A centaur zombie (Ossuary)
  A hound (D:5)
  A bullfrog skeleton (D:5)
  2 orc wizards (D:6)
  Natasha (thrice) (D:4)
  A worker ant (D:5)
  3 ogre zombies (Ossuary)
  A hound skeleton (D:4)
  7 mummies (Ossuary)
  Robin (D:4)
  3 gnolls (D:5)
  7 adders
  2 shadow imps (D:5)
  An ooze (D:2)
  2 adder zombies (Ossuary)
  3 worms
  3 dart slugs
  5 leopard geckos
  6 orcs
  4 giant cockroaches
  23 goblins
  8 hobgoblins
  18 jackals
  9 bats
  5 frilled lizards
  A gnoll zombie (D:4)
  6 goblin zombies (Ossuary)
  4 hobgoblin zombies (Ossuary)
  2 jackal zombies
  6 kobolds
  4 kobold zombies (Ossuary)
  A leopard gecko skeleton (D:4)
  5 quokka zombies (Ossuary)
  6 rats
  4 rat zombies (Ossuary)
  A toadstool (D:5)
176 creatures vanquished.

Vanquished Creatures (others)
  5 dream sheep (D:3)
  An adder (D:6)
  4 toadstools (D:5)
10 creatures vanquished.

Grand Total: 186 creatures vanquished

Notes
Turn   | Place    | Note
-------+----------+-------------------------------------------
     0 | D:1      | Ijustatesigmund the Octopode Fighter began the quest for
                  | the Orb.
     0 | D:1      | Reached XP level 1. HP: 16/16 MP: 1/1
    29 | D:1      | Reached XP level 2. HP: 21/21 MP: 2/2
   229 | D:1      | Reached XP level 3. HP: 26/26 MP: 3/3
   595 | D:2      | Reached XP level 4. HP: 31/31 MP: 4/4
  1495 | D:3      | Noticed Grinder
  1520 | D:3      | Killed Grinder
  1520 | D:3      | Reached XP level 5. HP: 35/37 MP: 5/5
  1520 | D:3      | Reached XP level 6. HP: 41/43 MP: 6/6
  1585 | D:3      | Noticed Sigmund
  1606 | D:3      | Killed Sigmund
  1606 | D:3      | Reached skill level 5 in Maces & Flails
  1606 | D:3      | Reached XP level 7. HP: 37/48 MP: 7/7
  1854 | D:3      | Noticed a dream sheep
  1854 | D:3      | Noticed a dream sheep
  1854 | D:3      | Noticed a dream sheep
  1854 | D:3      | Noticed a dream sheep
  1854 | D:3      | Noticed a dream sheep
  1854 | D:3      | Found a shimmering altar of Xom.
  1859 | D:3      | Killed a dream sheep
  1859 | D:3      | Killed a dream sheep
  1859 | D:3      | Killed a dream sheep
  1860 | D:3      | Killed a dream sheep
  1860 | D:3      | Killed a dream sheep
  2450 | D:4      | Noticed Dowan
  2451 | D:4      | Noticed Natasha
  2452 | D:4      | Noticed Duvessa
  2462 | D:4      | Killed Duvessa
  2467 | D:4      | Killed Natasha
  2511 | D:4      | Noticed Robin
  2521 | D:4      | Killed Robin
  2522 | D:4      | Killed Dowan
  2623 | D:4      | Noticed Edmund
  2635 | D:4      | Killed Edmund
  2635 | D:4      | Reached skill level 5 in Fighting
  2635 | D:4      | Reached skill level 5 in Shields
  2635 | D:4      | Reached XP level 8. HP: 27/55 MP: 8/8
  2717 | D:4      | Found a sand-covered staircase.
  2717 | D:4      | Identified the ring "Oduh" {MR- Str+5 Dex+3 SInv Stlth+}
  2727 | Ossuary  | Entered an ossuary
  2856 | Ossuary  | Reached skill level 5 in Dodging
  3511 | Ossuary  | Reached skill level 1 in Stealth
  3662 | Ossuary  | Reached skill level 2 in Stealth
  3781 | Ossuary  | Reached skill level 3 in Stealth
  3937 | D:4      | Reached skill level 4 in Stealth
  4057 | D:4      | Noticed Natasha
  4132 | D:4      | Killed Natasha
  4132 | D:4      | Reached skill level 5 in Stealth
  4136 | D:4      | Reached skill level 6 in Stealth
  4225 | D:4      | Noticed Natasha
  4230 | D:4      | Killed Natasha
  4246 | D:4      | Reached skill level 7 in Stealth
  4555 | D:5      | Entered Level 5 of the Dungeon
  5066 | D:5      | Found a staircase to the Ecumenical Temple.
  5073 | Temple   | Entered the Ecumenical Temple
  5127 | Temple   | Became a worshipper of Cheibriados the Contemplative
  5228 | D:5      | Reached XP level 9. HP: 61/61 MP: 9/9
  5457 | D:6      | Reached skill level 1 in Invocations
  5871 | D:6      | Engulfed by a cloud of flame

Levels and vault maps discovered:
D:1:      scummos_arrival_checkerplants, layout_rooms
D:2:      cheibrodos_old_hovel, layout_basic
D:3:      layout_basic, kb_xom_exploding_sheep, uniq_sigmund, uniq_grinder
D:4:      layout_basic, first_ration, enter_ossuary_3, corexii_checkpoint_a,
          uniq_natasha, uniq_edmund, uniq_duvessa, uniq_robin
D:5:      minmay_evil_eye, layout_gridville, minmay_temple_entry_junction,
          minmay_stone_trees_small, minmay_gold_behind_fungi
D:6:      layout_basic, lemuel_flamethrower_1
Temple:   compressed_dpeg_triangle_lava_temple
Ossuary:  ossuary_boxes_badplayer

Skill      XL: |  1  2  3  4  5  6  7  8  9 |
---------------+----------------------------+-----
Maces & Flails | 3 4 5 6 |  6.4
Fighting       | 4 5 |  5.7
Dodging        | 4 5 |  5.6
Shields        | 4 5 |  5.6
Stealth        | 7 |  7.1
Invocations    | 2 |  2.4

Action                   |  1- 3 |  4- 6 |  7- 9 || total
-------------------------+-------+-------+-------++-------
Melee: Flail             |    72 |    53 |   241 ||   366
       Constrict         |    23 |    15 |    44 ||    82
       Tentacles         |     9 |    10 |    60 ||    79
Evoke: Wand              |       |       |     2 ||     2
  Use: Scroll            |     5 |     3 |    10 ||    18
       Potion            |       |     2 |     4 ||     6
 Stab: Sleeping          |     6 |     2 |    23 ||    31
  Eat: Ration            |       |     1 |     3 ||     4
       Chunk             |       |       |     3 ||     3
Armor: Skin              |     5 |     9 |    10 ||    24
Dodge: Dodged            |    30 |    24 |   114 ||   168
Block: Shield            |    30 |    31 |    96 ||   157

Table legend:
 A = Non-vault XP
 B = Vault XP
 C = Vault XP percentage of total XP
 D = Non-vault monster count
 E = Vault monster count
 F = Vault count percentage of total count
                 A         B        C        D         E       F
            +---------+---------+-------+---------+---------+-------
      Total |    1652 |    1265 |  43.4 |     117 |      58 |  33.1
            +---------+---------+-------+---------+---------+-------
        D:1 |      69 |       0 |   0.0 |      37 |       0 |   0.0
        D:2 |      61 |       1 |   1.6 |      21 |       1 |   4.5
        D:3 |      70 |     487 |  87.4 |      18 |       2 |  10.0
        D:4 |     687 |     427 |  38.3 |      18 |      16 |  47.1
        D:5 |     213 |       4 |   1.8 |      14 |       2 |  12.5
        D:6 |     552 |       0 |   0.0 |       9 |       0 |   0.0
    Ossuary |       0 |     346 | 100.0 |       0 |      37 | 100.0
            +---------+---------+-------+---------+---------+-------
